AoeStats
← ScareCroW

MegaRandom

507524620Analyzed
2v2 RM · 13d ago on Sep 18, 2026· 22m 14s· 4 players
Game mode
Random Map
Map size
Medium (4 player)
Population
200
Speed
Normal
Resources
Standard
Victory
Conquest
Starting age
Dark Age
Ending age
Imperial Age
RankedLock teamsTeams togetherTeam positionsShared explorationLock speedFull tech treeHidden civsTurbo modeCheats
Victory
Defeat
🇧🇷 Teutons · Brazil
852
+14
🇹🇼 Huns · Taiwan
821
+16
🇮🇳 Cumans · India
817
-15
🇮🇳 Chinese · India
807
-15
huntsman112
3:18 Loom
9:31 Feudal Age
16:51 Man-at-Arms
ScareCroW
10:20 Feudal Age
13:50 Double-Bit Axe
14:22 Loom
17:59 Castle Age
GREG
13:56 Feudal Age
14:16 Man-at-Arms
14:42 Arson
15:08 Double-Bit Axe
18:07 Forging
18:45 Fletching
19:26 Scale Mail Armor
20:12 Padded Archer Armor
verna7019
2:39 Loom
12:42 Feudal Age
16:11 Castle Age
15:33 Scale Barding Armor
16:44 Bloodlines
Connection lost

Rejoining the realm…

Still unreachable

The connection could not be restored.

Session expired

The server has moved on; the page needs a fresh start.